[Event "FRA-ch Teams Top 16-A 2022"]
[Site "Chartres"]
[Date "2022.06.15"]
[Round "7.4"]
[White "Loiseau, Quentin"]
[Black "Naiditsch, Arkadij"]
[Result "0-1"]
[ECO "C47"]
[WhiteElo "2445"]
[BlackElo "2654"]
[Annotator "TA"]
[PlyCount "72"]
[EventDate "2022.06.09"]
[EventType "team-tourn"]
[EventCountry "FRA"]
[SourceTitle "playchess.com"]
[Source "ChessBase"]
[SourceQuality "1"]
[TimeControl "40/5400+30:1800+30"]

1. e4 e5 2. Nf3 Nc6 3. d4 exd4 4. Nxd4 Nf6 5. Nc3 Bb4 6. Nxc6 bxc6 7. Bd3 O-O 8. O-O Re8 9. Bg5 {[%emt 0:05:20] 9.Bg5 is better than 9.Qf3.} Rb8 {[%emt 0:03:57] C47: Scotch Four Knights and Four Knights with 4 g3.} 10. Qf3 (10. f4 $5 h6 11. Bh4 $11) 10... Bd6 11. Bxf6 {[%emt 0:21:56] is the legacy move (11.Rab1).} Qxf6 {[%emt 0:00:31] The position is equal.} 12. Qxf6 gxf6 13. Rab1 Be5 14. Nd1 {[%emt 0:03:37] [#]} Bd4 $146 ({Predecessor:} 14... d5 15. exd5 cxd5 16. Ne3 c6 17. b3 Bc3 18. Nd1 Ba5 19. Ne3 Be6 20. c4 d4 {0-1 (45) Toczek,G (2271)-Barski,R (2442) Szklarska Poreba 2021}) 15. c3 Bb6 16. Ne3 Bxe3 17. fxe3 Kg7 18. Rf4 c5 19. b3 Rb6 20. Rbf1 Rd6 21. Bc4 Bb7 22. Rg4+ Kf8 23. Rgf4 Rxe4 24. Rxf6 Rxf6 25. Rxf6 $11 {[%emt 0:00:18][%mdl 4096] Endgame KRB-KRB} d5 26. Ba6 {[%emt 0:06:07][%mdl 8192] This costs White the game.} (26. Be2 $1 $11) 26... Kg7 $19 27. Rxf7+ (27. Bxb7 {might work better.} Kxf6 28. Kf2) 27... Kxf7 28. Bxb7 Rxe3 {[%emt 0:00:45] [#] Threatens to win with ...Ke6.} 29. Bxd5+ {[%emt 0:00:06] KR-KB} Kf6 30. a4 (30. Kf1 $142) 30... Rxc3 {[%emt 0:00:24] Black is clearly winning.} 31. Kf2 Ke5 32. Bg8 h6 33. h3 Kf4 {[%emt 0:00:14] Inhibits g3+.} 34. Ke2 c6 35. Kd2 Rg3 36. Be6 Ke5 {[%emt 0:00:24] Weighted Error Value: White=0.63/Black=0.15 (very precise)} 0-1

[Event "FRA-ch Teams Top 16-A 2022"]
[Site "Chartres"]
[Date "2022.06.15"]
[Round "7.5"]
[White "Fressinet, Laurent"]
[Black "Barbot, Pierre"]
[Result "1/2-1/2"]
[ECO "D02"]
[WhiteElo "2630"]
[BlackElo "2450"]
[Annotator "TA"]
[PlyCount "82"]
[EventDate "2022.06.09"]
[EventType "team-tourn"]
[EventCountry "FRA"]
[SourceTitle "playchess.com"]
[Source "ChessBase"]
[SourceQuality "1"]
[TimeControl "40/5400+30:1800+30"]

1. Nf3 Nf6 2. g3 d5 3. Bg2 Nbd7 4. d4 Nb6 5. Nc3 Bf5 6. Nh4 {[%emt 0:02:49] D02: 1 d4 d5 2 Nf3 sidelines, including 2...Nf6 3 g3 and 2...Nf6 3 Bf4.} e6 {[%emt 0:00:05] [#]} 7. Bg5 $146 ({Predecessor:} 7. O-O c6 8. f3 Bg6 9. e4 Bb4 10. e5 Nfd7 11. Ne2 Be7 12. Nxg6 hxg6 13. c3 {1-0 (73) Oparin,G (2652)-Alekseenko,K (2696) Chess.com INT 2021}) 7... Be7 8. Nxf5 {[%emt 0:01:53] White has an edge.} exf5 9. Bxf6 Bxf6 10. Qd3 c6 11. e3 ({Don't play} 11. Qxf5 Bxd4 12. e4 O-O $15) 11... g6 12. b3 O-O 13. O-O Qe7 14. a4 a5 15. Ne2 Rfd8 16. Rfd1 h5 17. h4 Bg7 18. Rab1 Nd7 19. c4 Nf6 20. cxd5 Nxd5 21. Bxd5 Rxd5 22. Nf4 Rd6 23. Qf1 Rad8 24. Rdc1 Bh6 25. Ng2 Rd5 26. Qc4 Qe4 27. Qc2 Qe7 28. Qc3 Qe4 29. b4 axb4 30. Rxb4 c5 31. dxc5 Rd1+ (31... Qf3 $1 $11 {remains equal.} 32. Rf1 R5d7) 32. Rxd1 $16 Rxd1+ 33. Kh2 Qf3 34. Qb3 Rd7 {[%emt 0:04:01] [#]} 35. Qc2 Bf8 36. Rd4 ({White should play} 36. Ne1 $16 Qd5 37. Rd4) 36... Rxd4 $1 $11 37. exd4 Bg7 38. Qd2 {[%emt 0:05:17] Hoping for d5.} Qd5 39. Nf4 Qxd4 40. Qa2 Qxc5 41. Nxg6 $1 Bh6 {[%emt 0:00:03] Weighted Error Value: White=0.10 (very precise) /Black=0.09 (flawless)} (41... Qd6 $5 42. Nf4 Be5 $11) 1/2-1/2

[Event "FRA-ch Teams Top 16-A 2022"]
[Site "Chartres"]
[Date "2022.06.15"]
[Round "7.6"]
[White "Riff, Vincent"]
[Black "Le Roux, Jean-Pierre"]
[Result "0-1"]
[ECO "B12"]
[WhiteElo "2397"]
[BlackElo "2513"]
[Annotator "TA"]
[PlyCount "72"]
[EventDate "2022.06.09"]
[EventType "team-tourn"]
[EventCountry "FRA"]
[SourceTitle "playchess.com"]
[Source "ChessBase"]
[SourceQuality "1"]
[TimeControl "40/5400+30:1800+30"]

1. e4 c6 2. d4 d5 3. e5 Bf5 4. h4 h5 5. Bd3 Bxd3 6. Qxd3 e6 7. Bg5 {[%emt 0:00:41] B12: Caro-Kann: Advance Variation.} Qa5+ (7... Qb6 $5 ) 8. Nd2 Ne7 9. Ne2 {[%emt 0:01:41] White has an edge.} Qa6 (9... c5 $11 {remains equal.}) 10. c4 $1 $16 Nf5 11. O-O Nd7 12. Ng3 $1 g6 13. Nxf5 gxf5 14. Rfc1 dxc4 15. Nxc4 Nb6 16. b3 Nd5 17. a4 {[%emt 0:01:46] [#]} Bb4 $146 ({Predecessor:} 17... Kd7 18. Qf3 Be7 19. Bxe7 Nxe7 20. b4 b5 21. axb5 Qxb5 22. Nd6 Qb6 23. b5 cxb5 24. Rc5 a6 25. Rac1 Ra7 26. d5 exd5 27. Rxd5 Ke6 28. Rd2 {1-0 (28) Kunal,M (2354)-Gunasekaran,K (2077) Trichy 2017}) 18. Qf3 Kf8 (18... Kd7 $14) 19. a5 Re8 20. Nb2 ({Better is} 20. Ne3 $18) 20... Be7 21. Bxe7+ Rxe7 22. Nd3 Qb5 23. Rc5 ({White should try} 23. Qd1 $16) 23... Qxb3 $11 24. a6 Rg8 25. axb7 Rxb7 26. Rxc6 {[%emt 0:07:55] Strongly threatening Rc8+.} Rg4 27. Qe2 $1 Kg7 ({Don't play} 27... Rxh4 28. g3 Ne7 29. Rcc1 $16) (27... Rxd4 $2 28. Rc8+ Kg7 29. Qxh5 $1 $18) 28. f3 $2 (28. Qd2 $1 $11 {and White has nothing to worry.}) 28... Rxd4 $19 29. Nc5 Nf4 $1 30. Qf2 Qb2 31. Nxb7 (31. Qxb2 $142 Rxb2 32. Rc7) 31... Qxa1+ 32. Kh2 Ng6 $2 (32... Rd1 33. Qe3 Ng6) 33. g4 $2 (33. Rc1 $19 Qxc1 34. Qxd4) 33... Nxe5 {[%emt 0:00:51] Black mates.} 34. Rc2 fxg4 35. Qe3 Nxf3+ 36. Kg2 {[%emt 0:00:02] [#]} Rd1 {[%emt 0:00:29] Weighted Error Value: White=0.70/Black=0.23 (precise)} (36... Rd3 $142 $3 37. Qf2 Ne1+ 38. Kg1 Nxc2+ 39. Kg2 {[#]} Rh3 $1 40. Qf4 Ne1+ 41. Kf1 Nd3+ 42. Qc1 Qxc1+ 43. Kg2 Qh1#) 0-1

[Event "FRA-ch Teams Top 16-A 2022"]
[Site "Chartres"]
[Date "2022.06.15"]
[Round "7.7"]
[White "Maze, Sebastien"]
[Black "Demuth, Adrien"]
[Result "1/2-1/2"]
[ECO "C00"]
[WhiteElo "2519"]
[BlackElo "2493"]
[Annotator "TA"]
[PlyCount "37"]
[EventDate "2022.06.09"]
[EventType "team-tourn"]
[EventCountry "FRA"]
[SourceTitle "playchess.com"]
[Source "ChessBase"]
[SourceQuality "1"]
[TimeControl "40/5400+30:1800+30"]

1. e4 c5 2. Nf3 e6 3. d3 d5 4. Nbd2 Nc6 5. g3 Nf6 6. Bg2 Be7 7. O-O O-O 8. Re1 b5 9. e5 Nd7 10. Nf1 a5 11. h4 b4 12. Bf4 a4 13. a3 bxa3 14. bxa3 Rb8 15. Ne3 {[%emt 0:07:30] C00: French: Unusual White 2nd moves.} Ba6 16. h5 {[%emt 0:12:51] [#]} Nd4 $146 ({Predecessor:} 16... c4 17. d4 c3 18. Bf1 Bxf1 19. Kxf1 Na5 20. Qd3 Qc7 21. Bg5 Rfe8 22. Bxe7 Rxe7 {1-0 (46) Boettcher,C (2196)-Foerster,E (2065) Playchess.com INT 2021}) 17. c4 dxc4 18. dxc4 Nb6 19. Nd2 {[%emt 0:17:05] Inhibits Nb3. White did not feel at home in the position after the opening.  Weighted Error Value: White=0.14 (very precise) /Black=0.03 (flawless)} 1/2-1/2

[Event "FRA-ch Teams Top 16-A 2022"]
[Site "Chartres"]
[Date "2022.06.15"]
[Round "7.8"]
[White "Milliet, Sophie"]
[Black "Sebag, Marie"]
[Result "1/2-1/2"]
[ECO "B90"]
[WhiteElo "2410"]
[BlackElo "2472"]
[Annotator "TA"]
[PlyCount "67"]
[EventDate "2022.06.09"]
[EventType "team-tourn"]
[EventCountry "FRA"]
[SourceTitle "playchess.com"]
[Source "ChessBase"]
[SourceQuality "1"]
[TimeControl "40/5400+30:1800+30"]

1. e4 c5 2. Nf3 d6 3. d4 cxd4 4. Nxd4 Nf6 5. Nc3 a6 6. Be3 e5 7. Nb3 Be6 8. f3 h5 9. Nd5 {[%emt 0:00:17] B90: Sicilian Najdorf: Unusual White 6th moves, 6 Be3 Ng4 and 6 Be3 e5.} Bxd5 10. exd5 Nbd7 11. Qd2 {[%emt 0:00:20] White has an edge.} g6 12. O-O-O Nb6 13. Kb1 Nbxd5 14. Bg5 Be7 $1 15. Bd3 $1 {[%emt 0:00:48][%mdl 4] is currently scoring better than 15.g3.} (15. Bc4 $14) 15... Qc7 $11 16. Rhe1 O-O-O 17. c4 Nf4 18. Bxf4 exf4 19. Qxf4 {[%emt 0:00:40][%cal Oc4c5] Black must now prevent c5!} Rhe8 20. Rc1 Kb8 {[%emt 0:01:08] [#]} 21. Be4 $146 ({Predecessor:} 21. Qd4 Nd7 22. Be4 Bf6 23. Qd2 Nc5 24. Bd5 Na4 25. Rc2 Rxe1+ 26. Qxe1 Nb6 27. Qe4 Nxd5 28. Qxd5 {0-1 (48) Esipenko,A (2723)-Deac,B (2679) Chess.com INT 2022}) 21... Nxe4 22. Qxe4 Bg5 23. Qxe8 {[%emt 0:00:07] The position is equal.} Bxc1 24. Qe4 Bh6 25. Qd4 Rc8 26. Re4 d5 27. Qxd5 Rd8 28. Qe5 Qxe5 29. Rxe5 {[%emt 0:00:04] KRB-KRN} Bf4 30. Re7 Bxh2 31. Kc2 Rc8 32. Kd3 Rc7 33. Re8+ Ka7 $1 34. a4 {[%emt 0:05:18] Weighted Error Value: White=0.05 (flawless) /Black=0.03 (flawless)} 1/2-1/2

[Event "FRA-ch Teams Top 16-A 2022"]
[Site "Chartres"]
[Date "2022.06.15"]
[Round "7.9"]
[White "Korobov, Anton"]
[Black "Sochacki, Christophe"]
[Result "1-0"]
[ECO "D27"]
[WhiteElo "2671"]
[BlackElo "2493"]
[Annotator "TA"]
[PlyCount "77"]
[EventDate "2022.06.09"]
[EventType "team-tourn"]
[EventCountry "FRA"]
[SourceTitle "playchess.com"]
[Source "ChessBase"]
[SourceQuality "1"]
[TimeControl "40/5400+30:1800+30"]

1. d4 d5 2. c4 dxc4 3. Nf3 Nf6 4. e3 e6 5. Bxc4 c5 6. O-O a6 7. Be2 {[%emt 0:01:05] D27: Queen's Gambit Accepted: Classical main line: 7 e4!? and 7 a4.} Nbd7 8. b3 b6 9. Bb2 {[%emt 0:00:22] White has an edge.} Bb7 10. Nbd2 Be7 {[%emt 0:02:13] [#]} 11. Bd3 $146 ({Predecessor:} 11. Rc1 O-O 12. Qc2 Rc8 13. Qb1 cxd4 14. Nxd4 Rxc1 15. Rxc1 Qa8 16. Bf3 Bxf3 17. N2xf3 {½-½ (32) Maghsoodloo,P (2701)-Aronian,L (2772) Warsaw 2021}) 11... cxd4 12. Nxd4 O-O 13. Qe2 Nc5 14. Bc2 Qd5 15. f3 Qh5 16. Nc4 Nd5 17. Rad1 Rac8 18. e4 Nf4 19. Qe1 b5 20. Ne3 Rfd8 21. Kh1 (21. b4 $5 Na4 22. Ba1 $15) 21... Bg5 22. b4 $36 {[%emt 0:07:46][%mdl 2048] White is pushing.} Na4 23. Ba1 Ng6 24. Bb3 {[%emt 0:02:02][%cal Od4e6] Nxe6! is the strong threat.} Kh8 $2 {[%emt 0:00:37][%mdl 8192] [#] Black cannot hold the game after this.} ({Much less strong is} 24... Bf4 25. g3 Bxe3 26. Qxe3 $16) (24... Nf8 $1 $11 {and Black has nothing to worry.}) 25. Bxe6 $1 $18 fxe6 26. Nxe6 {[%emt 0:00:07][%mdl 64] Discovered Attack} Bh4 (26... Rxd1 $142 27. Qxd1 Ne5) 27. Rxd8+ {[%emt 0:02:19] White is clearly winning.} Rxd8 28. g3 Ne5 29. gxh4 Re8 {[%emt 0:02:02] [#]} 30. Nxg7 $1 Kxg7 31. Qg3+ Kf7 32. Nf5 {[%emt 0:00:44] White wants to mate with Qg7+.} Qg6 {[%emt 0:01:39] Inhibits Qg7+.} 33. Bxe5 (33. Qf4 $142) 33... Qxg3 34. Bxg3 Kf6 35. Nd6 Re7 36. Nxb7 Rxb7 37. Rc1 Rd7 38. Rc6+ Kf7 39. e5 {[%emt 0:00:26] Weighted Error Value: White=0.24 (precise) /Black=0.28 (precise)} 1-0

[Event "FRA-ch Teams Top 16-A 2022"]
[Site "Chartres"]
[Date "2022.06.15"]
[Round "7.10"]
[White "Saatdjian, Thomas"]
[Black "Fedorchuk, Sergey A."]
[Result "0-1"]
[ECO "E15"]
[WhiteElo "2271"]
[BlackElo "2606"]
[Annotator "TA"]
[PlyCount "68"]
[EventDate "2022.06.09"]
[EventType "team-tourn"]
[EventCountry "FRA"]
[SourceTitle "playchess.com"]
[Source "ChessBase"]
[SourceQuality "1"]
[TimeControl "40/5400+30:1800+30"]

1. d4 Nf6 2. c4 e6 3. Nf3 b6 4. g3 Ba6 5. b3 c6 6. Bg2 {[%emt 0:12:04] E15: Queen's Indian: 4 g3 sidelines, 4 g3 Ba6 and 4 g3 Bb7 early deviations.} Bb4+ 7. Nbd2 d5 8. O-O {[%emt 0:00:15] White is slightly better.} Nbd7 {[%emt 0:00:38] [#]} 9. a3 $146 ({Predecessor:} 9. e4 O-O 10. e5 Ne8 11. Bb2 Rc8 12. Re1 Nc7 13. a3 Be7 14. cxd5 Nxd5 15. Ne4 c5 16. Nfd2 cxd4 17. Bxd4 Nc5 18. Nxc5 Bxc5 19. Bxc5 Nc3 {½-½ (19) Gelfand,B (2735)-Kovalenko,I (2680) Tallinn 2016}) 9... Be7 10. Re1 Bb7 11. e4 Nxe4 12. Nxe4 dxe4 13. Rxe4 c5 14. Re1 {[%emt 0:04:05] With the idea d5.} Bf6 15. d5 Bxa1 16. dxe6 Nf6 {[%emt 0:02:04] ...Qxd1 is the strong threat.} (16... Ne5 $5 17. exf7+ Kf8 $11) 17. exf7+ Kf8 (17... Kxf7 $5 18. Ng5+ Kg8 19. Bxb7 Qxd1 20. Rxd1 Re8 $11) 18. Bf4 $2 {[%emt 0:00:06] Loses the game.} (18. Bd2 $1 $14 {was forced to keep a grip.}) 18... Qxd1 $19 (18... Bc3 $2 19. Bd6+ Kxf7 20. Ng5+ Kg8 21. Bxb7 $18) 19. Rxd1 {[%emt 0:00:01] [#] And now Ng5 would win.} Bd4 $1 20. Ng5 {[%emt 0:01:31] [#]} (20. Nxd4 {keeps fighting.} Bxg2 21. Ne6+ Kxf7 22. Ng5+ Kg6 23. Kxg2) 20... Rd8 $1 21. Bxb7 {[%emt 0:13:13] [#]} (21. Ne6+ Ke7) 21... Bxf2+ $1 {[%emt 0:00:09][%mdl 576] Discovered Attack} 22. Kxf2 Rxd1 23. Ke2 Rd7 24. Bc6 Re7+ 25. Kd3 h6 26. Nf3 Kxf7 27. Ne5+ Ke6 28. Ng6 Rd8+ 29. Kc2 {[%emt 0:00:50] [#]} Ree8 30. Bxe8 (30. h3 Rg8) 30... Rxe8 {[%emt 0:00:07] Black is clearly winning.} ({But not} 30... Nxe8 $2 31. h3 $19) 31. Bd2 Kf5 32. Nh4+ Kg4 {[%emt 0:00:16] aiming for ...g5.} 33. Kd3 Ne4 34. Be3 g5 {[%emt 0:00:30] Weighted Error Value: White=0.49/Black=0.05 (flawless)} 0-1

[Event "FRA-ch Teams Top 16-A 2022"]
[Site "Chartres"]
[Date "2022.06.15"]
[Round "7.11"]
[White "Edouard, Romain"]
[Black "Sochacki, Wojtek"]
[Result "1/2-1/2"]
[ECO "D02"]
[WhiteElo "2575"]
[BlackElo "2324"]
[Annotator "TA"]
[PlyCount "227"]
[EventDate "2022.06.09"]
[EventType "team-tourn"]
[EventCountry "FRA"]
[SourceTitle "playchess.com"]
[Source "ChessBase"]
[SourceQuality "1"]
[TimeControl "40/5400+30:1800+30"]

1. d4 d5 2. Bf4 Nf6 3. e3 c5 4. Nf3 e6 5. Nbd2 Bd6 6. Bg3 Qc7 7. dxc5 Bxg3 8. hxg3 Qxc5 9. c4 Nc6 10. a3 Qe7 11. cxd5 exd5 12. Nb3 O-O 13. Be2 Bg4 14. Nfd4 Nxd4 15. Nxd4 Bxe2 16. Qxe2 Qe4 17. Rh4 Qg6 18. Rd1 Rfe8 19. Qc2 Ne4 20. Kf1 Rac8 21. Qd3 Rc1 (21... Qf6 22. Rf4 $11) 22. Qe2 Rec8 23. Kg1 (23. Qe1 $1 $15 Rxd1 24. Qxd1) 23... Qa6 (23... Nf6 $1 $17 {And now ...Qb1 would win.} 24. Nb3 R1c2) 24. Qe1 $1 $15 Qc4 25. Rf4 (25. f3 $15 Rxd1 26. Qxd1) 25... Rxd1 26. Qxd1 Qc1 27. Qxc1 Rxc1+ 28. Kh2 Rb1 29. b4 (29. b3 $17) 29... a6 (29... g5 $1 $19 30. Rf5 g4) 30. f3 $15 Nd6 31. Rg4 f6 ({Black should play} 31... g6 $17 {White must now prevent ...Rb2.} 32. Ne2 Re1) 32. Ne6 $11 Kf7 33. Nc5 {[%emt 0:00:41] [#]} ({Much weaker is} 33. Nxg7 f5 34. Nxf5 (34. Rg5 $2 h6 $17) 34... Nxf5 $17) (33. Nd8+ $1 $11 {remains equal.} Kf8 34. Ne6+ Kf7 35. Nd8+ (35. Nxg7 $2 f5 $17) 35... Ke8 36. Ne6 Kf7) 33... Re1 ({Black should try} 33... Nf5 $1 $17 {Hoping for ...g5.} 34. Nxb7 h5) 34. Rd4 $11 Rxe3 35. Rxd5 Ke7 36. a4 Re1 37. g4 Ra1 38. a5 Rb1 39. Rd4 Rb2 40. Na4 Rc2 41. Rd1 Ke6 42. Nc5+ Ke7 43. Re1+ Kf7 44. Ne6 Rc4 45. Nd8+ Kf8 46. Re6 Rd4 47. f4 Ne4 48. Nxb7 Rxb4 49. Nd8 Nc5 50. Rc6 Ke7 51. Rxc5 Kxd8 52. Rc6 Rxf4 53. Kg3 Ra4 54. Rxa6 Ke7 55. Ra7+ Kf8 56. a6 h6 57. Kf3 Kg8 58. Ke3 Kh7 59. Ra8 Kg6 60. Rd8 (60. Kd3 $11 {keeps the balance.}) 60... Rxa6 $17 61. Rd7 Ra8 62. Kf4 Rf8 63. Ra7 Rf7 (63... Rd8 $17 64. Rb7 Rd3) 64. Ra4 (64. Rxf7 $1 $11 Kxf7 65. Kf5) 64... Rb7 65. Kg3 Rb3+ 66. Kh4 Rb2 67. Kg3 Rb7 68. Kh4 Rc7 69. Rb4 Rd7 70. Ra4 Kf7 71. Rb4 Rd2 72. Rb7+ Kg6 73. Kg3 Rd5 74. Ra7 Rg5 75. Kh3 h5 (75... Rc5 $17 76. Kh4 Re5) 76. gxh5+ $11 Kxh5 77. Rb7 Kh6 78. Ra7 Rb5 79. Kh2 f5 80. Ra6+ Kh5 81. Ra7 g5 82. Ra3 Rb4 83. Rc3 Rf4 84. Ra3 Rf1 85. Rh3+ Kg4 86. Ra3 f4 87. Ra5 Kh4 88. Ra4 Kh5 89. Ra5 Re1 90. Ra8 Rd1 91. Rh8+ Kg6 92. Rg8+ Kf5 93. Rf8+ Kg4 94. Ra8 Rd2 95. Ra4 Rf2 96. Ra8 Rf1 (96... Re2 $17) 97. Re8 (97. Ra5 $11) 97... Rc1 98. Ra8 Rc2 99. Rf8 Rf2 100. Ra8 $1 Rb2 101. Rf8 Rb7 102. Ra8 Rh7+ 103. Kg1 Kh4 104. Ra4 Kg4 105. Ra8 Rh6 106. Rb8 Ra6 107. Kh2 Rh6+ 108. Kg1 Kh4 109. Rb4 Rf6 (109... Rc6 $17) 110. Kh2 {[%emt 0:00:15] [#]} (110. Kf2 $11) 110... Rf7 ({Better is} 110... Kh5 $1 $17) 111. g3+ $1 $11 Kg4 112. gxf4 gxf4 113. Kg2 Rc7 114. Rb3 1/2-1/2

[Event "FRA-ch Teams Top 16-A 2022"]
[Site "Chartres"]
[Date "2022.06.15"]
[Round "7.12"]
[White "Cantin, Loic"]
[Black "Velten, Paul"]
[Result "0-1"]
[ECO "A49"]
[WhiteElo "2199"]
[BlackElo "2492"]
[Annotator "TA"]
[PlyCount "58"]
[EventDate "2022.06.09"]
[EventType "team-tourn"]
[EventCountry "FRA"]
[SourceTitle "playchess.com"]
[Source "ChessBase"]
[SourceQuality "1"]
[TimeControl "40/5400+30:1800+30"]

1. Nf3 Nf6 2. g3 g6 3. Bg2 Bg7 4. O-O O-O 5. d4 d6 6. Re1 Bg4 {[%emt 0:07:59] A49: 1 d4 Nf6 2 Nf3 g6 3 g3: Anti-King's Indian systems.} 7. h3 Bxf3 8. Bxf3 c6 {[%emt 0:00:13] White is slightly better.} 9. c3 Nbd7 {[%emt 0:00:48] [#]} 10. e4 $146 ({Predecessor:} 10. Qb3 Qc7 11. Bg5 e5 12. dxe5 dxe5 13. Nd2 Rfe8 14. e4 Nc5 15. Qc4 Ne6 16. Bxf6 Bxf6 {½-½ (33) Blaszczyk,P (2000)-Krzesaj,R (2130) Krynica 2003}) 10... Qc7 (10... e5 $11) 11. Bg2 e5 12. dxe5 dxe5 13. Qe2 Rfd8 14. Be3 Bf8 15. Nd2 Bc5 16. Bg5 b5 (16... a5 $11) 17. h4 (17. a4 $14) 17... Kg7 $11 18. Nb3 Bb6 19. Rad1 h6 20. Bc1 a5 21. Qf3 ({Wrong is} 21. Qd2 $2 Ng4 22. Rf1 a4 $19) 21... a4 22. Na1 Nc5 {[%emt 0:05:15][%cal Oa4a3] ...a3! is the strong threat.} 23. Qe2 ({Don't go for} 23. Bxh6+ $2 Kxh6 24. Qxf6 Nd3 25. Rxd3 Rxd3 $19) 23... Rd7 24. Rxd7 Qxd7 25. Rd1 {[%emt 0:00:44] Against Nd3} Qe6 26. a3 {[%emt 0:02:08] [#]} (26. Nc2 $1 $11 {keeps the balance.}) 26... Rb8 (26... Qc4 $1 $17 27. Qf3 Ncxe4) 27. Nc2 $15 Qc4 28. Qd2 (28. Qe1 $15) 28... Ncxe4 $19 {[%emt 0:01:04] Active counter play! Pair of Knights!} 29. Qxh6+ Kg8 {[%emt 0:00:04] Weighted Error Value: White=0.42/Black=0.10 (very precise)} 0-1

[Event "FRA-ch Teams Top 16-A 2022"]
[Site "Chartres"]
[Date "2022.06.15"]
[Round "7.13"]
[White "David, Alberto"]
[Black "Eden, James"]
[Result "1-0"]
[ECO "D15"]
[WhiteElo "2520"]
[BlackElo "2273"]
[Annotator "TA"]
[PlyCount "144"]
[EventDate "2022.06.09"]
[EventType "team-tourn"]
[EventCountry "FRA"]
[SourceTitle "playchess.com"]
[Source "ChessBase"]
[SourceQuality "1"]
[TimeControl "40/5400+30:1800+30"]

1. d4 d5 2. c4 c6 3. Nf3 Nf6 4. e3 Bf5 5. Nc3 a6 6. Qb3 Ra7 {[%emt 0:00:40] D15: Slav Defence: 4 Nc3 a6 and gambit lines after 4 Nc3 dxc4.} 7. Nh4 Be4 8. f3 dxc4 {[%emt 0:01:25] White has an edge.} 9. Qxc4 Bd5 10. Qe2 b5 $1 11. Qf2 $36 {[%emt 0:03:20][%mdl 2048] [#] Black is under pressure.} Qa5 $146 {[%emt 0:20:54] [#]} (11... c5 $11 {keeps the balance.}) ({Predecessor:} 11... e6 12. e4 Bb4 13. a3 Bxc3+ 14. bxc3 Bb3 15. Rb1 Ba4 16. Be2 O-O 17. O-O Rd7 {1-0 (33) Khismatullin,D (2681)-Popov,V (2546) St Petersburg 2014}) 12. e4 $1 $16 b4 13. Nb1 ({Much less strong is} 13. Nxd5 cxd5 14. Bd3 b3+ 15. Bd2 Qb6 $16) (13. exd5 bxc3 14. b4 Qb6 $17) 13... Bb3 14. Nd2 Ba4 15. Nc4 Qd8 16. Be3 Rb7 17. Be2 e6 18. O-O Be7 19. g3 O-O 20. Ng2 Nbd7 21. Rac1 Bb5 22. Rfd1 h6 23. Nf4 Ne8 24. d5 ({Better is} 24. Bd3 $16) 24... cxd5 $14 25. exd5 e5 {[%emt 0:00:46] [#]} 26. Ne6 {[%emt 0:00:50] White is more active.} fxe6 27. dxe6 Nef6 (27... Bxc4 $2 28. Bxc4 (28. Rxc4 Nd6 $16) 28... Kh8 29. Bxa6 $18 (29. Rxd7 Rxd7 30. exd7 Qxd7 $16)) 28. Qg2 Qb8 29. exd7 Rxd7 30. Qh3 Rxd1+ 31. Rxd1 Qc8 {[%emt 0:01:06] Inhibits Qe6+.} 32. Qxc8 Rxc8 33. b3 Rd8 34. Rxd8+ Bxd8 35. Kf2 Bc7 36. Bc5 Nd5 37. Ne3 Nc3 38. Bxb5 axb5 39. Bxb4 Nxa2 $16 {[%emt 0:00:20][%mdl 4096] Endgame KBN-KBN} 40. Bd2 Bd6 41. Ke2 (41. Nd5 $16) 41... Kf7 $11 42. Kd3 (42. Nf5 $5 Bf8 43. Kd3 $14) 42... Ke6 43. Ke4 g6 ({Black should try} 43... Bb4 $14 44. Bxb4 Nxb4) 44. Ng2 (44. Nd5 $16) 44... h5 45. Nh4 Kf6 46. g4 Bb4 $2 {[%emt 0:00:00][%mdl 8192] Black is now going downhill.} (46... Ba3 $11 {and Black is okay.}) 47. g5+ $18 Kf7 48. Bxb4 Nxb4 49. Kxe5 {[%emt 0:00:00] aiming for Kd4. KN-KN} Nd3+ 50. Kd4 Nf4 51. Kc5 Ne6+ 52. Kxb5 Nxg5 53. b4 Ne6 54. Kc4 {[%emt 0:01:55] b5 is the strong threat.} Kf6 $2 (54... Nf4 55. Kd4 g5) 55. b5 g5 {[%emt 0:00:21] [#]} 56. b6 $1 {[%emt 0:00:36] Strongly threatening b7.} Nd8 57. Ng2 {[%emt 0:00:11] And now Kd5 would win.} Kf5 $2 (57... Ke5 58. Kb5 Kd6) 58. h3 Ke5 59. Kc5 Ke6 $2 (59... h4 60. Kb5 Kd5 61. Ne3+ Ke6) 60. Kb5 Ke5 61. Kc5 (61. Ne3 $142 Kf4 62. Nc2) 61... Ke6 $1 62. Ne1 Kf5 63. Nd3 (63. Kd6 $142 Kf6 64. Kd7) 63... g4 64. hxg4+ hxg4 65. fxg4+ Kxg4 66. Kd6 Nb7+ 67. Kc7 Na5 68. Ne5+ Kf5 69. Nc6 Nb3 {[%emt 0:00:19] [#]} 70. Nd4+ $1 Nxd4 71. b7 Ne6+ 72. Kc8 (72. Kd6 $142 Nf4 73. b8=Q Ke4 74. Qb4+ Ke3 75. Qc3+ Ke4 76. Qe5+ Kf3 77. Qd4) 72... Ke4 {[%emt 0:00:15] Weighted Error Value: White=0.24 (precise) /Black=0.27 (precise)} 1-0